 Dungeon Crawl Stone Soup version 0.25-b1-46-gb8a1ec05df (webtiles) character file.

Game seed: 11164882200781127658

5513 MadHawk the Ducker (level 10, -2/76 HPs)
             Began as a Gnoll Arcane Marksman on June 9, 2020.
             Was a Believer of Okawaru.
             Slain by a seven-headed hydra (5 damage)
             ... on level 2 of the Lair of Beasts on June 11, 2020.
             The game lasted 02:47:56 (11195 turns).

MadHawk the Ducker (Gnoll Arcane Marksman)         Turns: 11195, Time: 02:47:58

Health: -2/76      AC: 17    Str: 15    XL:     10   Next: 70%
Magic:  19/19      EV: 14    Int: 15    God:    Okawaru [**....]
Gold:   517        SH:  5    Dex: 17    Spells: 20/21 levels left

rFire    . . .     SeeInvis +   Q - +2 quarterstaff (protect)
rCold    + . .     Gourm    .   (shield currently unavailable)
rNeg     . . .     Faith    .   m - +1 chain mail
rPois    .         Spirit   .   E - +4 helmet "Cesan" {SInv}
rElec    .         Reflect  +   (no cloak)
rCorr    .         Harm     .   (no gloves)
MR       .....                  A - +0 pair of boots
Stlth    ..........             W - amulet of reflection
HPRegen  0.22/turn              r - +4 ring of evasion
MPRegen  0.16/turn              F - ring of protection from cold

@: no status effects
A: distributed training, fangs 1, strong nose
a: Heroism, Renounce Religion


You were on level 2 of the Lair of Beasts.
You worshipped Okawaru.
Okawaru was pleased with you.
You were not hungry.

You visited 2 branches of the dungeon, and saw 10 of its levels.

You collected 517 gold pieces.

Inventory:

Hand Weapons
 a - a +0 shortbow
 c - a +0 hand axe
 o - a +0 hunting sling
 y - a +0 morningstar
 G - a +0 flail of protection
 K - a +0 war axe
 L - a +0 morningstar of venom
 Q - a +2 quarterstaff of protection (weapon)
 R - a +0 mace of draining
 U - a +0 dagger of draining
 X - a +1 flail of holy wrath
 Z - a +1 great sword of holy wrath
Missiles
 b - 280 stones
 d - 120 arrows
 k - 32 bolts
 n - 26 poisoned darts
 v - 3 boomerangs (quivered)
 O - 78 sling bullets
Armour
 e - a +0 robe
 m - a +1 chain mail (worn)
 t - a +0 animal skin
 u - a +0 helmet
 w - a +0 leather armour
 A - a +0 pair of boots (worn)
 E - the +4 helmet "Cesan" (worn) {SInv}
   (You found it on level 4 of the Dungeon)

   It lets you see invisible.
 S - a +0 plate armour
Magical Staves
 l - an uncursed staff of conjuration
Jewellery
 g - an uncursed ring of positive energy
 q - the ring of Taoracku {rC++ rN++ rCorr Dex-5}
   (You took it off a crimson imp on level 8 of the Dungeon)

   [ring of resist corrosion]

   It affects your dexterity (-5).
   It greatly protects you from cold.
   It greatly protects you from negative energy.
   It provides partial protection from all sources of acid and corrosion.
 r - a +4 ring of evasion (left hand)
 F - a ring of protection from cold (right hand)
 N - an uncursed ring of ice
 W - an amulet of reflection (around neck)
Wands
 D - a wand of random effects (12)
 H - a wand of disintegration (11)
 T - a wand of iceblast (12)
Scrolls
 i - 3 scrolls of amnesia
 p - 2 scrolls of identify
 B - 3 scrolls of remove curse
 I - a scroll of brand weapon
 V - 7 scrolls of enchant weapon
Potions
 h - 2 potions of ambrosia
 j - a potion of lignification
 x - a potion of stabbing
 z - 2 potions of flight
 P - 4 potions of cancellation
Comestibles
 f - 15 rations


   Skills:
 + Level 6.1 Fighting
 + Level 5.4 Short Blades
 + Level 5.4 Long Blades
 + Level 5.4 Axes
 + Level 5.4 Maces & Flails
 + Level 5.4 Polearms
 + Level 5.4 Staves
 + Level 5.4 Slings
 + Level 7.2 Bows
 + Level 5.4 Crossbows
 + Level 5.4 Throwing
 + Level 5.4 Armour
 + Level 7.2 Dodging
 + Level 5.4 Stealth
 + Level 5.4 Shields
 + Level 5.4 Unarmed Combat
 + Level 6.2 Spellcasting
 + Level 4.4 Conjurations
 + Level 7.1 Hexes
 + Level 4.4 Charms
 + Level 4.4 Summonings
 + Level 4.4 Necromancy
 + Level 4.4 Translocations
 + Level 4.4 Transmutations
 + Level 4.4 Fire Magic
 + Level 4.4 Ice Magic
 + Level 4.4 Air Magic
 + Level 4.4 Earth Magic
 + Level 4.4 Poison Magic
 + Level 6.0 Invocations
 + Level 5.4 Evocations


You had 20 spell levels left.
You knew the following spells:

 Your Spells              Type           Power        Failure   Level  Hunger
a - Corona                Hex            ####...      13%         1    None

Your spell library contained the following spells:

 Spells                   Type           Power        Failure   Level  Hunger
 Slow                     Hex            ####....     21%         2    #......
 Freeze                   Ice            ###.         36%         1    None
 Magic Dart               Conj           ###.         36%         1    None
 Corpse Rot               Necr/Air       N/A          52%         2    #......
 Searing Ray              Conj           ###...       52%         2    #......
 Dazzling Flash           Conj/Hex       ###...       56%         3    ##.....
 Inner Flame              Hex/Fire       ###.....     56%         3    ##.....
 Portal Projectile        Hex/Tloc       ###...       56%         3    ##.....
 Frozen Ramparts          Ice            ###...       75%         3    ##.....
 Ozocubu's Armour         Chrm/Ice       ###.....     75%         3    ##.....
 Stone Arrow              Conj/Erth      ###...       75%         3    ##.....
 Cause Fear               Hex            ####......   78%         4    ####...
 Fulminant Prism          Conj/Hex       ###.......   92%         4    ####...
 Leda's Liquefaction      Hex/Erth       ###.......   92%         4    ####...
 Hailstorm                Conj/Ice       ###.....     98%         4    ####...
 Iskenderun's Mystic Bla  Conj/Tloc      ###.....     98%         4    ####...
 Summon Ice Beast         Ice/Summ       ###.....     98%         4    ####...
 Summon Forest            Summ/Tloc      ###.......   100%        5    ######.
 Eringya's Noxious Bog    Tmut/Pois      ###.......   100%        6    #######
 Hydra Form               Tmut           ###.......   100%        6    #######
 Summon Hydra             Summ           ###.......   100%        7    #######


Dungeon Overview and Level Annotations

Branches:
Dungeon (8/15)             Temple (0/1) D:4            Lair (2/6) D:8
  Swamp: Lair:2-4    Shoals: Lair:2-4     Snake: Lair:2-4    Spider: Lair:2-4

Altars:
Ashenzari
Cheibriados
Makhleb
Okawaru
Sif Muna
Uskayaw
Vehumet
Xom
Zin
The Shining One


Innate Abilities, Weirdness & Mutations

Your experience applies equally to all skills.
You have very sharp teeth.
Your uncanny sense of smell can sniff out nearby items.


Message History

The seven-headed hydra closely misses you.
The seven-headed hydra bites you.
* * * LOW HITPOINT WARNING * * *
The seven-headed hydra bites you.
* * * LOW HITPOINT WARNING * * *
Your juvenile fireshock beast breathes flames at the yak.
The blast of flame hits the yak!!
The yak dies!
Okawaru accepts your kill.
Your Invocations skill increases to level 6!
There is a stone staircase leading up here.
You can't go down here!
The seven-headed hydra bites you.
* * * LOW HITPOINT WARNING * * *
The seven-headed hydra bites you but does no damage.
The seven-headed hydra bites you.
* * * LOW HITPOINT WARNING * * *
The seven-headed hydra barely misses you.
The seven-headed hydra bites you.
You die...

... .##..## .P...# .#.
..# ..#... . .. ..##
..........#. ##.##...#
#.P..#...#.###.#.P...#
.#...#.#..............#
.............l.......##
..............YD@.....#
............YY.......##
.............Y........#
............Y........##
#.###....H##....#...#
.##. #.....###..##...#
....##...H......# ....#
.....#.....+....# ...P#
...........##...#


You could see a seven-headed hydra, a komodo dragon, 5 yaks and a friendly
juvenile fireshock beast (summoned).

Vanquished Creatures
  A komodo dragon (Lair:2)
  A rime drake (Lair:1)
  3 blink frogs (Lair:1)
  Prince Ribbit (D:5)
  2 hippogriffs (D:7)
  A wyvern (D:8)
  2 yaks (D:8)
  A basilisk (D:8)
  A steam dragon (D:7)
  Edmund (D:5)
  A water moccasin (D:8)
  2 orc warriors
  A phantom (D:6)
  An ice beast (D:6)
  6 ogres
  A centaur (D:6)
  5 bullfrogs
  A wyvern skeleton (D:8)
  A water moccasin skeleton (D:8)
  2 scorpions
  A jelly (D:8)
  4 howler monkeys
  2 crimson imps (D:8)
  4 hounds
  6 orc priests
  A bullfrog skeleton (D:5)
  An iguana (D:7)
  6 orc wizards
  11 worker ants
  A hound skeleton (D:7)
  Robin (D:2)
  A howler monkey skeleton (D:5)
  8 adders
  2 shadow imps (D:5)
  3 oozes
  An adder skeleton (D:4)
  3 worms
  3 dart slugs
  2 leopard geckos
  30 orcs
  A ball python (D:4)
  10 bats
  5 giant cockroaches
  15 goblins
  9 hobgoblins
  15 jackals
  7 kobolds
  A quokka (D:7)
  6 frilled lizards
  A jackal zombie (D:7)
  A leopard gecko skeleton (D:4)
  A leopard gecko zombie (D:6)
  3 quokka skeletons
  2 rats (D:1)
  2 fungi (Lair:1)
  2 plants (Lair:1)
207 creatures vanquished.

Vanquished Creatures (collateral kills)
  A hornet (D:8)
  A yak (Lair:2)
  A worker ant (D:8)
  A jackal (D:8)
4 creatures vanquished.

Vanquished Creatures (others)
  An orc wizard (D:7)
1 creature vanquished.

Grand Total: 212 creatures vanquished

Notes
Turn   | Place    | Note
-------+----------+-------------------------------------------
     0 | D:1      | MadHawk the Gnoll Arcane Marksman began the quest for the
                  | Orb.
     0 | D:1      | Reached XP level 1. HP: 17/17 MP: 4/4
   273 | D:1      | Reached XP level 2. HP: 23/23 MP: 5/5
  1016 | D:1      | Reached XP level 3. HP: 24/28 MP: 7/7
  1279 | D:2      | Found a hide-covered altar of Uskayaw.
  1654 | D:2      | Noticed Robin
  1662 | D:2      | Reached skill level 1 in Invocations
  1681 | D:2      | Killed Robin
  1683 | D:2      | Reached skill level 1 in Short Blades
  1683 | D:2      | Reached skill level 1 in Long Blades
  1683 | D:2      | Reached skill level 1 in Axes
  1683 | D:2      | Reached skill level 1 in Maces & Flails
  1683 | D:2      | Reached skill level 1 in Polearms
  1683 | D:2      | Reached skill level 1 in Staves
  1683 | D:2      | Reached skill level 1 in Slings
  1683 | D:2      | Reached skill level 1 in Crossbows
  1683 | D:2      | Reached skill level 1 in Throwing
  1683 | D:2      | Reached skill level 1 in Armour
  1683 | D:2      | Reached skill level 1 in Stealth
  1683 | D:2      | Reached skill level 1 in Shields
  1683 | D:2      | Reached skill level 1 in Unarmed Combat
  1683 | D:2      | Reached skill level 1 in Evocations
  1700 | D:2      | Reached XP level 4. HP: 30/34 MP: 8/8
  2805 | D:3      | Reached skill level 1 in Conjurations
  2805 | D:3      | Reached skill level 1 in Charms
  2805 | D:3      | Reached skill level 1 in Summonings
  2805 | D:3      | Reached skill level 1 in Necromancy
  2805 | D:3      | Reached skill level 1 in Translocations
  2805 | D:3      | Reached skill level 1 in Transmutations
  2805 | D:3      | Reached skill level 1 in Fire Magic
  2805 | D:3      | Reached skill level 1 in Ice Magic
  2805 | D:3      | Reached skill level 1 in Air Magic
  2805 | D:3      | Reached skill level 1 in Earth Magic
  2805 | D:3      | Reached skill level 1 in Poison Magic
  2979 | D:3      | Reached XP level 5. HP: 40/40 MP: 9/9
  3973 | D:4      | Found a staircase to the Ecumenical Temple.
  3980 | D:4      | Found a glowing silver altar of Zin.
  3982 | D:4      | Found a radiant altar of Vehumet.
  3982 | D:4      | Found a shimmering altar of Xom.
  4299 | D:4      | Reached XP level 6. HP: 47/47 MP: 10/10
  4308 | D:4      | Got an encrusted helmet
  4318 | D:4      | Identified the +4 helmet "Cesan" {SInv} (You found it on
                  | level 4 of the Dungeon)
  4587 | D:4      | Reached skill level 5 in Bows
  4587 | D:4      | Reached skill level 5 in Dodging
  4887 | D:4      | Found a glowing golden altar of the Shining One.
  5274 | D:5      | Entered Level 5 of the Dungeon
  5504 | D:5      | Found a snail-covered altar of Cheibriados.
  5533 | D:5      | Noticed Prince Ribbit
  5542 | D:5      | Killed Prince Ribbit
  5542 | D:5      | Reached XP level 7. HP: 32/52 MP: 12/12
  6263 | D:5      | Found a burning altar of Makhleb.
  6559 | D:5      | Noticed Edmund
  6657 | D:5      | Killed Edmund
  6657 | D:5      | Reached XP level 8. HP: 30/60 MP: 12/14
  7576 | D:6      | Got a smoking scale mail
  7878 | D:6      | Reached XP level 9. HP: 58/66 MP: 14/16
  8446 | D:7      | Reached skill level 5 in Spellcasting
  8491 | D:7      | Got a buzzing whip
  8506 | D:7      | Reached skill level 5 in Fighting
  8636 | D:7      | Found a shattered altar of Ashenzari.
  8814 | D:7      | Found an iron altar of Okawaru.
  8832 | D:7      | Became a worshipper of Warmaster Okawaru
  9394 | D:7      | Found a shimmering blue altar of Sif Muna.
  9686 | D:8      | Noticed a hornet
  9686 | D:8      | Identified the ring of Taoracku {rC++ rN++ rCorr Dex-5}
  9741 | D:8      | Reached skill level 5 in Invocations
  9934 | D:8      | Reached * piety under Okawaru
  9934 | D:8      | Reached XP level 10. HP: 68/74 MP: 18/18
 10149 | D:8      | Reached skill level 5 in Short Blades
 10149 | D:8      | Reached skill level 5 in Long Blades
 10149 | D:8      | Reached skill level 5 in Axes
 10149 | D:8      | Reached skill level 5 in Maces & Flails
 10149 | D:8      | Reached skill level 5 in Polearms
 10149 | D:8      | Reached skill level 5 in Staves
 10149 | D:8      | Reached skill level 5 in Slings
 10149 | D:8      | Reached skill level 5 in Crossbows
 10149 | D:8      | Reached skill level 5 in Throwing
 10149 | D:8      | Reached skill level 5 in Armour
 10149 | D:8      | Reached skill level 5 in Stealth
 10149 | D:8      | Reached skill level 5 in Shields
 10149 | D:8      | Reached skill level 5 in Unarmed Combat
 10149 | D:8      | Reached skill level 5 in Evocations
 10602 | D:8      | Found a staircase to the Lair.
 10612 | Lair:1   | Entered Level 1 of the Lair of Beasts
 10687 | Lair:1   | Reached ** piety under Okawaru
 10998 | Lair:2   | HP: 3/76 [komodo dragon (16)]
 11184 | Lair:2   | Noticed a seven-headed hydra
 11195 | Lair:2   | HP: 3/76 [seven-headed hydra (1)]
 11195 | Lair:2   | Slain by a seven-headed hydra

Illustrated notes

Levels and vault maps discovered:
D:1:      nzn_arrival_depleted_hourglass, layout_basic
D:2:      layout_basic, eat_drink_and_be_merry_uskayaw, minivault_24, uniq_robin
D:3:      layout_loops_ring, first_ration, chequers_serial_rivers_large_b,
          minmay_misc_feat_doors, minmay_pentangle
D:4:      layout_rooms, kennysheep_mini,
          chequers_temple_overflow_statue_of_worship,
          minmay_temple_entry_from_below_a
D:5:      wander_river, layout_loops_cross, old_standard_altar,
          kennysheep_slug_shrine, uniq_prince_ribbit1, uniq_edmund
D:6:      layout_rooms
D:7:      layout_loops_ring, kennysheep_mini_moat, led_sif_book,
          kennysheep_doodads, okawaru_altar_gauntlet_db
D:8:      minmay_the_grid_octo_tiled_octocenter [minmay_the_grid_octo_chip,
          minmay_the_grid_octo_tetromino_candy, minmay_the_grid_octo_pinwheel,
          minmay_the_grid_octo_77,
          minmay_the_grid_octo_prize_ultimate_mussel_roller,
          minmay_the_grid_square_5x5_percent,
          minmay_the_grid_square_5x5_two_walls_b,
          minmay_the_grid_square_5x5_seven,
          minmay_the_grid_square_5x5_six_small], layout_loops_corners,
          fedhas_altar_1, hangedman_pestilent_swarm,
          chequers_serial_rivers_micro_a
Lair:1:   layout_cellular_growth, lemuel_fruit_tree, serial_bayou_shore_b
Lair:2:   layout_regular_city, hellmonk_ghost_happy_afterlife

Skill      XL: |  1  2  3  4  5  6  7  8  9 10 |
---------------+-------------------------------+-----
Invocations    | 1 2 3 4 5 6 |  6.0
Short Blades   | 1 2 3 4 5 |  5.4
Long Blades    | 1 2 3 4 5 |  5.4
Axes           | 1 2 3 4 5 |  5.4
Maces & Flails | 1 2 3 4 5 |  5.4
Polearms       | 1 2 3 4 5 |  5.4
Staves         | 1 2 3 4 5 |  5.4
Slings         | 1 2 3 4 5 |  5.4
Crossbows      | 1 2 3 4 5 |  5.4
Throwing       | 1 2 3 4 5 |  5.4
Armour         | 1 2 3 4 5 |  5.4
Stealth        | 1 2 3 4 5 |  5.4
Shields        | 1 2 3 4 5 |  5.4
Unarmed Combat | 1 2 3 4 5 |  5.4
Evocations     | 1 2 3 4 5 |  5.4
Spellcasting   | 3 4 5 6 |  6.2
Conjurations   | 1 2 3 4 |  4.4
Charms         | 1 2 3 4 |  4.4
Summonings     | 1 2 3 4 |  4.4
Necromancy     | 1 2 3 4 |  4.4
Translocations | 1 2 3 4 |  4.4
Transmutations | 1 2 3 4 |  4.4
Fire Magic     | 1 2 3 4 |  4.4
Ice Magic      | 1 2 3 4 |  4.4
Air Magic      | 1 2 3 4 |  4.4
Earth Magic    | 1 2 3 4 |  4.4
Poison Magic   | 1 2 3 4 |  4.4
Fighting       | 3 4 5 6 |  6.1
Bows           | 5 6 7 |  7.2
Dodging        | 5 6 7 |  7.2
Hexes          | 6 7 |  7.1

Action                   |  1- 3 |  4- 6 |  7- 9 | 10-12 || total
-------------------------+-------+-------+-------+-------++-------
Melee: Hand axe          |    61 |   247 |   117 |       ||   425
       Dagger            |     7 |       |       |       ||     7
       Bite              |     8 |    38 |    58 |    32 ||   136
       Short sword       |       |    11 |       |       ||    11
       Spear             |       |     2 |       |       ||     2
       Punch             |       |     1 |     3 |       ||     4
       Flail             |       |       |    76 |       ||    76
       Quarterstaff      |       |       |   272 |   222 ||   494
 Fire: Shortbow          |    66 |     9 |    58 |       ||   133
Throw: Stone             |       |    84 |    65 |       ||   149
       Boomerang         |       |       |    45 |    36 ||    81
 Cast: Corona            |       |       |     1 |       ||     1
Evoke: Wand              |       |     4 |       |       ||     4
       Box of beasts     |       |       |       |     2 ||     2
  Use: Scroll            |     2 |     6 |     8 |     7 ||    23
       Potion            |     1 |     4 |     7 |     6 ||    18
  Eat: Chunk             |     2 |     5 |    10 |     1 ||    18
       Ration            |       |     3 |     2 |     1 ||     6
Armor: Chain mail        |    38 |   148 |   194 |   108 ||   488
       Robe              |     7 |       |       |       ||     7
       Plate armour      |       |       |    68 |       ||    68
Dodge: Dodged            |    45 |   176 |   297 |   133 ||   651
Block: Other             |       |       |       |    23 ||    23
